 Dungeon Crawl Stone Soup version 0.26.1-10-gdfb7c7de75 (webtiles) character file.

Game seed: 5407330788880963107

58 Almogavar the Quickloader (level 4, -1/32 HPs)
             Began as a Gnoll Wanderer on Apr 1, 2021.
             Slain by a hobgoblin (3 damage)
             ... on level 2 of the Dungeon.
             The game lasted 00:07:18 (1660 turns).

Almogavar the Quickloader (Gnoll Wanderer)          Turns: 1660, Time: 00:07:18

Health: -1/32      AC:  6    Str: 16    XL:     4   Next: 2%
Magic:  5/5        EV: 11    Int: 13    God:
Gold:   103        SH:  0    Dex: 15    Spells: 5/5 levels left

rFire    . . .     SeeInvis .   c - +0 mace
rCold    . . .     Faith    .   (no shield)
rNeg     . . .     Spirit   .   f - +0 ring mail
rPois    .         Reflect  .   (no helmet)
rElec    .         Harm     .   (no cloak)
rCorr    .         Rampage  .   (no gloves)
Will     .....                  (no boots)
Stlth    +.........             (no amulet)
HPRegen  0.10/turn              (no ring)
MPRegen  0.09/turn              (no ring)

@: lethally poisoned (-1 -> -2), very slightly contaminated, invisible
A: distributed training, fangs 1, strong nose
a: no special abilities


You were on level 2 of the Dungeon.
You visited 1 branch of the dungeon, and saw 2 of its levels.

You collected 103 gold pieces.

Inventory:

Hand Weapons
 a - a +2 hand crossbow
 c - a +0 mace (weapon)
Missiles
 b - 41 bolts
Armour
 e - a +0 robe
 f - a +0 ring mail (worn)
Scrolls
 d - 2 scrolls of teleportation
Potions
 h - a potion of might
 l - a potion of lignification
 m - a potion of ambrosia


   Skills:
 + Level 1.0 Fighting
 + Level 1.0 Short Blades
 + Level 1.0 Long Blades
 + Level 1.0 Axes
 + Level 1.0 Maces & Flails
 + Level 1.0 Polearms
 + Level 1.0 Staves
 + Level 1.0 Slings
 + Level 1.0 Bows
 + Level 12.0 Crossbows
 + Level 2.7 Throwing
 + Level 4.6 Armour
 + Level 1.0 Dodging
 + Level 1.0 Stealth
 + Level 2.7 Shields
 + Level 1.0 Unarmed Combat
 + Level 1.0 Spellcasting
 + Level 0.7 Conjurations
 + Level 0.7 Hexes
 + Level 0.7 Summonings
 + Level 0.7 Necromancy
 + Level 0.7 Translocations
 + Level 0.7 Transmutations
 + Level 0.7 Fire Magic
 + Level 0.7 Ice Magic
 + Level 0.7 Air Magic
 + Level 0.7 Earth Magic
 + Level 0.7 Poison Magic
 + Level 1.1 Invocations
 + Level 1.0 Evocations


You had 5 spell levels left.
You didn't know any spells.
Your spell library was empty.

Dungeon Overview and Level Annotations

Branches:
Dungeon (2/15)

Altars:
Cheibriados


Innate Abilities, Weirdness & Mutations

Your experience applies equally to all skills.
You have very sharp teeth.
Your uncanny sense of smell can sniff out nearby items.


Message History

Your Fighting skill increases to level 1!
Your Short Blades skill increases to level 1!
Your Long Blades skill increases to level 1!
Your Axes skill increases to level 1!
Your Maces & Flails skill increases to level 1!
Your Polearms skill increases to level 1!
Your Staves skill increases to level 1!
Your Slings skill increases to level 1!
Your Bows skill increases to level 1!
Your Dodging skill increases to level 1!
Your Stealth skill increases to level 1!
Your Unarmed Combat skill increases to level 1!
Your Spellcasting skill increases to level 1!
Your Evocations skill increases to level 1!
You have reached level 4!
You feel stronger.
You catch the helpless hobgoblin completely off-guard!
You hit the hobgoblin. Your bite misses the hobgoblin.
The hobgoblin is almost dead.
The hobgoblin barely misses you. The hobgoblin hits you.
You die...

###############
#.............#
####.#.#####.#
######...#####.######
#..g@.)..............
#.####.####.#.....###
#......# #.#.....###
###)#..# #.#........
#.##..# #........##
#######..##..##.......###
........#.##.............
#.#####.#..##..........##
#>......# ..##...........


You could see a hobgoblin.

Vanquished Creatures
  An adder (D:2)
  2 worms (D:2)
  A dart slug (D:2)
  3 giant cockroaches
  4 goblins
  7 hobgoblins
  3 jackals (D:1)
  7 bats
  4 frilled lizards (D:1)
  5 kobolds (D:1)
  3 rats (D:1)
40 creatures vanquished.

Notes
Turn   | Place    | Note
-------+----------+-------------------------------------------
     0 | D:1      | Reached skill level 12 in Crossbows
     0 | D:1      | Almogavar the Gnoll Wanderer began the quest for the Orb.
     0 | D:1      | Almogavar set off with the following items: a +2 hand
                  | crossbow, 25 bolts, a +0 mace, a scroll of teleportation, a
                  | +0 robe
     0 | D:1      | Reached XP level 1. HP: 13/13 MP: 1/1
   165 | D:1      | Reached XP level 2. HP: 19/19 MP: 2/2
   889 | D:1      | Reached XP level 3. HP: 25/25 MP: 3/3
  1079 | D:1      | Found a snail-covered altar of Cheibriados.
  1416 | D:2      | Reached skill level 1 in Invocations
  1660 | D:2      | Reached skill level 1 in Fighting
  1660 | D:2      | Reached skill level 1 in Short Blades
  1660 | D:2      | Reached skill level 1 in Long Blades
  1660 | D:2      | Reached skill level 1 in Axes
  1660 | D:2      | Reached skill level 1 in Maces & Flails
  1660 | D:2      | Reached skill level 1 in Polearms
  1660 | D:2      | Reached skill level 1 in Staves
  1660 | D:2      | Reached skill level 1 in Slings
  1660 | D:2      | Reached skill level 1 in Bows
  1660 | D:2      | Reached skill level 1 in Dodging
  1660 | D:2      | Reached skill level 1 in Stealth
  1660 | D:2      | Reached skill level 1 in Unarmed Combat
  1660 | D:2      | Reached skill level 1 in Spellcasting
  1660 | D:2      | Reached skill level 1 in Evocations
  1660 | D:2      | Reached XP level 4. HP: 2/32 MP: 5/5
  1660 | D:2      | Slain by a hobgoblin

Illustrated notes

Levels and vault maps discovered:
D:1:      onia_arrival_pentagram, layout_loops_corners, cheibriados_altar_1
D:2:      layout_basic, minmay_parallelograms, uniq_terence

Skill      XL: |  1  2  3 |
---------------+----------+-----
Crossbows      | | 12.0
Invocations    | 1 |  1.1
Fighting       | 1 |  1.0
Short Blades   | 1 |  1.0
Long Blades    | 1 |  1.0
Axes           | 1 |  1.0
Maces & Flails | 1 |  1.0
Polearms       | 1 |  1.0
Staves         | 1 |  1.0
Slings         | 1 |  1.0
Bows           | 1 |  1.0
Dodging        | 1 |  1.0
Stealth        | 1 |  1.0
Unarmed Combat | 1 |  1.0
Spellcasting   | 1 |  1.0
Evocations     | 1 |  1.0
Throwing       | |  2.7
Armour         | |  4.6
Shields        | |  2.7
Conjurations   | |  0.7
Hexes          | |  0.7
Summonings     | |  0.7
Necromancy     | |  0.7
Translocations | |  0.7
Transmutations | |  0.7
Fire Magic     | |  0.7
Ice Magic      | |  0.7
Air Magic      | |  0.7
Earth Magic    | |  0.7
Poison Magic   | |  0.7

Action                   |  1- 3 |  4- 6 || total
-------------------------+-------+-------++-------
Melee: Mace              |   101 |     1 ||   102
       Bite              |     8 |       ||     8
 Fire: Hand crossbow     |    16 |       ||    16
  Use: Scroll            |     7 |       ||     7
       Potion            |     2 |       ||     2
 Stab: Invisible         |     1 |     1 ||     2
Armor: Ring mail         |    54 |       ||    54
       Robe              |     6 |       ||     6
Dodge: Dodged            |    80 |     1 ||    81
